Map: Echo LE (Void)

Players

Fropez - Winner!

  • Race: Protoss Protoss
  • League: Gold
  • Spawn Location: 5:00

A.I. 1 (Harder)

  • Race: Zerg Zerg
  • Spawn Location: 11:00

VOD

Have the link to the VOD?

Description

Time

  • Played on: Dec. 12, 2016, 7:19 p.m.
  • Length: 7:17
Show
View Real Time Build Order
Export as new Build Order

Fropez Protoss - Winner!

Build Orders:  

Get SALT Encoding   

  12  0:03  Probe (Chrono Boost)  
  13  0:13  Probe (Chrono Boost)  
  14  0:26  Pylon  
  14  0:29  Probe (Chrono Boost)  
  15  0:44  Probe (Chrono Boost)  
  15  0:46  Forge  
  16  0:55  Probe (Chrono Boost)  
  17  1:05  Probe (Chrono Boost)  
  17  1:07  Gateway  
  17  1:10  Assimilator  
  18  1:16  Probe (Chrono Boost)  
  18  1:18  Pylon  
  19  1:26  Probe (Chrono Boost)  
  19  1:31  Pylon  
  20  1:37  Probe (Chrono Boost)  
  21  1:47  Probe (Chrono Boost)  
  21  1:49  Photon Cannon  
  22  1:54  Gateway  
  22  1:58  Pylon  
  22  2:06  Photon Cannon  
  22  2:17  Cybernetics Core  
  22  2:39  Pylon  
  26  2:53  Assimilator  
  26  2:55  Stalker  
  26  2:57  Stalker  
  26  3:03  Photon Cannon  
  26  3:05  Pylon  
  25  3:14  Probe (Chrono Boost)  
  26  3:34  Stalker  
  28  3:41  Nexus  
  28  3:42  Probe (Chrono Boost)  
  29  3:53  Mothership Core (Chrono Boost)  
  31  4:07  Stalker  
  33  4:38  Warp Gate (Chrono Boost)  
  33  4:40  Probe (Chrono Boost)  
  33  4:43  Stalker  
  36  4:51  Probe (Chrono Boost)  
  37  5:01  Probe (Chrono Boost)  
  36  5:46  Photon Cannon  
  36  5:48  Gateway  
  36  5:49  Pylon  
  36  5:51  Gateway  
  36  5:54  Gateway  
  36  6:03  Probe (Chrono Boost)  
  34  6:05  Probe  
  36  6:13  Assimilator  
  36  6:14  Probe  
  36  6:15  Assimilator  
  36  6:19  Stalker  
  38  6:32  Nexus  
  38  6:40  Stalker  
  38  6:44  Stalker  
  42  6:47  Nexus, Stalker  
  44  6:55  Stalker  
  46  7:01  Probe  
  46  7:02  Probe  
  48  7:11  Twilight Council, Pylon  
Show
View Real Time Build Order
Export as new Build Order

A.I. 1 (Harder) Zerg 

Build Orders: Pool Only 

Get SALT Encoding   

  12  0:00  Drone  
  13  0:12  Overlord  
  13  0:16  Drone  
  14  0:31  Drone x2  
  16  0:43  Spawning Pool  
  16  0:44  Drone  
  16  0:49  Drone  
  17  0:52  Extractor  
  17  0:56  Drone  
  17  1:06  Overlord  
  17  1:29  Queen  
  17  1:31  Zergling x2  
  20  1:37  Roach Warren  
  20  1:38  Drone  
  20  1:40  Zergling x2  
  20  1:41  Extractor  
  20  1:49  Drone  
  21  2:00  Drone  
  22  2:10  Overlord  
  22  2:21  Drone  
  23  2:32  Zergling x2  
  23  2:36  Drone  
  23  2:41  Zergling x2  
  24  2:45  Overlord  
  24  2:49  Roach  
  26  2:58  Roach  
  28  3:06  Roach  
  30  3:15  Roach  
  30  3:17  Overlord  
  32  3:24  Roach  
  34  3:32  Roach  
  34  3:41  Roach  
  30  3:48  Queen  
  30  3:49  Roach  
  32  3:58  Roach  
  30  4:08  Roach  
  30  4:19  Zergling x2  
  31  4:29  Zergling x2  
  26  4:40  Roach  
  26  4:50  Roach  
  28  4:59  Roach  
  30  5:07  Overlord  
  30  5:08  Roach  
  32  5:16  Roach  
  33  5:25  Roach  
  32  5:33  Roach  
  26  5:41  Queen  
  26  5:42  Roach  
  30  5:51  Roach  
  30  5:55  Roach Warren  
  29  6:00  Zergling x2  
  29  6:03  Drone  
  31  6:07  Zergling x2  
  28  6:14  Zergling x2  
  24  6:25  Zergling x2  
  22  6:34  Queen  
  22  6:35  Zergling x2  
  21  6:46  Zergling x2  
  20  6:49  Zergling x2, Drone, Roach  
Tags
 
League
Gold
Matchup
PvZ
Opening
Pool Only
Replay Pack
All Mines
Spawn Locations
Cross Positions
Add a new tag
Caveats
  • Supply blocks, unpowered buildings, or Contaminate may cause inaccurate times.
  • Supply counts are checked every 10 seconds.